 Dungeon Crawl Stone Soup version 0.31-a0-108-gdf935468f2 (webtiles) character file.

Game seed: 10218620102598449794

4508 gelatine the Skirmisher (level 10, 0/73 HPs)
             Began as a Demonspawn Hexslinger on May 27, 2023.
             Was a Follower of Qazlal.
             Slain by a vampire (8 damage)
             ... on level 10 of the Dungeon.
             The game lasted 00:39:49 (11369 turns).

gelatine the Skirmisher (Demonspawn Hexslinger)    Turns: 11369, Time: 00:39:49

Health: 0/73       AC: 15    Str: 10    XL:     10   Next: 16%
Magic:  16/16      EV: 17    Int: 18    God:    Qazlal [*.....]
Gold:   293        SH:  7    Dex: 15    Spells: 4/17 levels left

rFire   . . .        a - +2 sling
rCold   . . .        (no shield)
rNeg    . . .        o - +0 acid dragon scales
rPois   .            (no helmet)
rElec   .            v - +1 cloak
rCorr   +            A - +0 pair of gloves
SInv    .            (no boots)
Will    .....        q - amulet of reflection
Stlth   +            (no ring)
HPRegen 0.32/turn    (no ring)
MPRegen 0.15/turn

%: reflection
@: agile, sanguine armoured
A: demonic guardian 1, powered by pain 2, sanguine armour 1, demonic touch 2
a: Renounce Religion


You were on level 10 of the Dungeon.
You worshipped Qazlal.
Qazlal was aware of your devotion.
You visited 2 branches of the dungeon, and saw 11 of its levels.

You collected 458 gold pieces.
You spent 165 gold pieces at shops.

Inventory:

Hand Weapons
 a - a +2 sling (weapon)
Missiles
 g - a throwing net
 t - 2 silver boomerangs
Armour
 c - a +0 robe
 o - +0 acid dragon scales (worn)
 v - a +1 cloak (worn)
 A - a +0 pair of gloves (worn)
Magical Staves
 l - a staff of conjuration
Jewellery
 p - a ring of poison resistance
 q - an amulet of reflection (around neck)
Wands
 j - a wand of roots (4)
 r - a wand of mindburst (40)
 s - a wand of acid (8)
Scrolls
 b - 2 scrolls of poison
 e - 2 scrolls of immolation
 f - 3 scrolls of enchant weapon
 h - 2 scrolls of noise
 k - a scroll of silence
 n - 4 scrolls of fog
 u - 2 scrolls of magic mapping
 y - 3 scrolls of blinking {unknown}
 z - a scroll of teleportation
Potions
 d - 3 potions of might
 i - a potion of haste
 m - a potion of mutation
 w - 3 potions of attraction
 x - 2 potions of lignification
 B - a potion of heal wounds
 C - 3 potions of curing
 D - 2 potions of brilliance {unknown}


   Skills:
 * Level 4.5 Fighting
 * Level 8.0 Ranged Weapons
 * Level 1.1 Armour
 * Level 4.2 Dodging
 + Level 0.8 Stealth
 * Level 2.1 Shields
 * Level 4.0 Spellcasting
 * Level 2.3 Conjurations
 * Level 5.5 Hexes
 * Level 2.2 Translocations
 * Level 3.1 Transmutations
 * Level 2.3 Fire Magic
 * Level 3.1 Invocations
 + Level 3.1 Evocations


You had 4 spell levels left.
You knew the following spells:

 Your Spells              Type           Power      Damage    Failure   Level
a - Slow                  Hex            92%        N/A       2%          1
b - Wereblood             Tmut           15%        N/A       10%         2
c - Inner Flame           Hex/Fire       17%        N/A       14%         3
d - Portal Projectile     Hex/Tloc       34%        N/A       14%         3
e - Cause Fear            Hex            11%        N/A       24%         4

Your spell library contained the following spells:

 Spells                   Type           Power      Damage    Failure   Level
 Tukima's Dance           Hex            23%        N/A       8%          3
 Magic Dart               Conj           48%        1d5       9%          1
 Apportation              Tloc           22%        N/A       10%         1
 Necrotise                Necr           12%        1d4       24%         1
 Summon Small Mammal      Summ           12%        N/A       24%         1
 Call Imp                 Summ           6%         N/A       34%         2
 Sublimation of Blood     Necr           3%         N/A       34%         2
 Vhi's Electric Charge    Tloc/Air       14%        N/A       41%         3
 Mephitic Cloud           Conj/Pois/Air  6%         N/A       45%         3
 Leda's Liquefaction      Hex/Erth       6%         N/A       58%         4
 Flame Wave               Conj/Fire      12%        2d6       65%         4
 Passage of Golubria      Tloc           11%        N/A       67%         4
 Yara's Violent Unravell  Hex/Tmut       9%         3d6       73%         5
 Iskenderun's Battlesphe  Conj           12%        2d7       94%         5
 Arcjolt                  Conj/Air       3%         1d13      99%         5
 Lee's Rapid Deconstruct  Erth           1%         3d4*      100%        5
 Leda's Unmaking          Conj/Erth      3%         9d1       100%        6
 Starburst                Conj/Fire      6%         6d4       100%        6
 Statue Form              Tmut/Erth      6%         N/A       100%        6
 Spellforged Servitor     Conj/Summ      3%         N/A       100%        7
 Summon Hydra             Summ           1%         N/A       100%        7
 Ignition                 Fire           6%         3d4       100%        8
 Maxwell's Capacitive Co  Air            1%         ∞         100%        8


Dungeon Overview and Level Annotations

Branches:
Dungeon (10/15)            Temple (1/1) D:6            Lair (0/5) D:9
    Orc: D:9-12

Altars:
Ashenzari
Fedhas
Hepliaklqana
Nemelex Xobeh
Okawaru
Qazlal
Ru
Sif Muna
Trog
Uskayaw
Vehumet
Wu Jian
Xom
Yredelemnul

Shops:
D:9 !:

Annotations:
D:8 1 runed translucent door, jlumianski's ghost, novice DsFi


Innate Abilities, Weirdness & Mutations

A weak demonic guardian rushes to your aid.
You sometimes gain power by taking damage.
When seriously injured, your blood forms armour. (AC +6)
Your touch may inflict irresistible damage on your foes.


Message History

Something tries to affect you, but you resist.
You shoot a sling bullet. Something hits you but does no damage.
Something bites you.
Something draws strength from your injuries!
You shoot a sling bullet. Something draws life force from you!!
A demonic guardian appears!
Your blood congeals into armour.
You shoot a sling bullet. Something hits you but does no damage.
Something bites you.
Something draws strength from your injuries!
You shoot a sling bullet. Something hits you but does no damage.
Something bites you but does no damage.
You shoot a sling bullet. Something hits you.
Something bites you but does no damage.
You shoot a sling bullet. Something hits you.
Something bites you but does no damage.
You shoot a sling bullet. Something hits you but does no damage.
Something bites you!
You focus on the pain.
You feel agile all of a sudden.
Something draws strength from your injuries!
Something barely misses you. Something bites you but does no damage.
You shoot a sling bullet. Something barely misses you.
Something bites you but does no damage.
You shoot a sling bullet. Something hits you!
Something bites you but does no damage.
You shoot a sling bullet. Something hits you but does no damage.
Something bites you but does no damage.
You shoot a sling bullet. You block something's attack. Something bites you.
* * * LOW HITPOINT WARNING * * *
Something draws strength from your injuries!
You shoot a sling bullet. You block something's attack. Something bites you.
* * * LOW HITPOINT WARNING * * *
Something draws strength from your injuries!
You shoot a sling bullet. Something hits you but does no damage.
Something barely misses you.
You shoot a sling bullet. Something hits you but does no damage.
Something completely misses you.
You shoot a sling bullet. Something hits you!
* * * LOW HITPOINT WARNING * * *
Something bites you!
You die...

### #.. #########
#.# #.....{@# #.#
#.#####5# #.#
...####.###.#######
...........<.......
...####......######
#.##...# #.###.##
#.# #.# #.# #.#


You could see a friendly ufetubus (summoned).

Vanquished Creatures
  Maggie (D:8)
  A hornet (D:9)
  A wyvern (D:8)
  6 yaks (D:8)
  3 wargs (D:9)
  A sky beast (D:6)
  4 ice beasts
  2 orc warriors
  3 black bears
  An ogre (D:5)
  A phantom (D:4)
  A kobold brigand (D:7)
  2 gnoll sergeants
  3 killer bees (D:9)
  3 howler monkeys (D:8)
  2 hounds (D:5)
  2 jellies
  6 orc priests
  2 gnoll boudas
  2 iguanas
  5 orc wizards
  A sleepcap (D:8)
  15 gnolls
  6 adders
  4 worms
  10 dart slugs
  25 orcs
  6 ball pythons
  7 bats
  6 endoplasms
  A giant cockroach (D:4)
  9 goblins
  9 hobgoblins
  2 jackals (D:1)
  16 kobolds
  A quokka (D:3)
  3 rats
173 creatures vanquished.

Vanquished Creatures (collateral kills)
  A phantom (D:6)
  A bullfrog (D:6)
  A killer bee (D:9)
  An orc priest (D:3)
  An adder (D:2)
  A shadow imp (D:6)
  An orc (D:4)
  A hobgoblin (D:3)
  A ball python (D:4)
  A kobold (D:3)
10 creatures vanquished.

Grand Total: 183 creatures vanquished

Notes
Turn   | Place    | Note
-------+----------+-------------------------------------------
     0 | D:1      | gelatine the Demonspawn Hexslinger began the quest for the
                  | Orb.
     0 | D:1      | Reached XP level 1. HP: 15/15 MP: 2/2
   129 | D:1      | Gained mutation: A weak demonic guardian rushes to your
                  | aid. [demonic ancestry]
   129 | D:1      | Reached XP level 2. HP: 21/21 MP: 3/3
   216 | D:1      | Reached skill level 2 in Ranged Weapons
   662 | D:1      | Reached XP level 3. HP: 25/26 MP: 4/4
   665 | D:1      | Found a faded altar of an unknown god.
  1489 | D:2      | Learned a level 2 spell: Wereblood
  1840 | D:3      | Gained mutation: Your touch may inflict minor irresistible
                  | damage on your foes. [demonic ancestry]
  1840 | D:3      | Reached XP level 4. HP: 10/32 MP: 2/6
  1842 | D:3      | Reached skill level 3 in Ranged Weapons
  2104 | D:3      | Found a blossoming altar of Fedhas.
  2399 | D:3      | Found a radiant altar of Vehumet.
  2876 | D:3      | Gained mutation: When seriously injured, your blood forms
                  | armour. (AC +6) [demonic ancestry]
  2876 | D:3      | Reached XP level 5. HP: 36/37 MP: 7/7
  3099 | D:3      | Reached skill level 1 in Evocations
  3279 | D:4      | Noticed a phantom
  3297 | D:4      | Killed a phantom
  3298 | D:4      | Gained mutation: You sometimes gain a little power by
                  | taking damage. [demonic ancestry]
  3298 | D:4      | Reached XP level 6. HP: 31/44 MP: 8/8
  3394 | D:4      | Reached skill level 4 in Ranged Weapons
  4135 | D:5      | Entered Level 5 of the Dungeon
  4346 | D:5      | Reached skill level 1 in Transmutations
  4365 | D:5      | Gained mutation: You sometimes gain power by taking damage.
                  | [demonic ancestry]
  4365 | D:5      | Reached XP level 7. HP: 46/50 MP: 4/10
  4659 | D:5      | Found a shimmering altar of Xom.
  4694 | D:5      | Reached skill level 5 in Ranged Weapons
  4951 | D:5      | Learned a level 3 spell: Inner Flame
  4955 | D:5      | Learned a level 3 spell: Portal Projectile
  5081 | D:5      | Got the Handbook of the Mackerel
  5556 | D:6      | Gained mutation: Your touch may inflict irresistible damage
                  | on your foes. [demonic ancestry]
  5556 | D:6      | Reached XP level 8. HP: 42/57 MP: 6/12
  6085 | D:6      | Reached skill level 6 in Ranged Weapons
  6299 | D:6      | Found a staircase to the Ecumenical Temple.
  6327 | Temple   | Entered the Ecumenical Temple
  6474 | Temple   | Became a worshipper of Qazlal Stormbringer
  6894 | D:7      | Reached skill level 5 in Hexes
  6945 | D:6      | Learned a level 4 spell: Cause Fear
  7091 | D:7      | Found a basalt altar of Yredelemnul.
  7674 | D:8      | Found an ornate altar of the Wu Jian Council.
  8119 | D:8      | Reached skill level 1 in Fire Magic
  8123 | D:8      | Reached skill level 1 in Invocations
  8123 | D:8      | Reached XP level 9. HP: 25/65 MP: 10/13
  8124 | D:8      | Reached skill level 1 in Shields
  8124 | D:8      | Reached skill level 1 in Conjurations
  8124 | D:8      | Reached skill level 1 in Translocations
  8124 | D:8      | Reached * piety under Qazlal
  8125 | D:8      | Reached skill level 7 in Ranged Weapons
  8298 | D:8      | Noticed Maggie
  8799 | D:8      | Killed Maggie
  9217 | D:8      | Found a runed translucent door.
  9218 | D:8      | Noticed jlumianski's ghost (novice DsFi)
  9953 | D:9      | Found Ichyot's Distillery.
  9957 | D:9      | Bought a potion of heal wounds for 75 gold pieces
  9957 | D:9      | Bought 2 potions of curing for 90 gold pieces
 10148 | D:9      | Found Lugure's Jewellery Shoppe.
 10310 | D:9      | Reached XP level 10. HP: 40/73 MP: 15/15
 10471 | D:9      | Reached skill level 1 in Armour
 10846 | D:9      | Found a staircase to the Lair.
 10937 | D:9      | Found Mufy's Book Emporium.
 11104 | D:10     | Entered Level 10 of the Dungeon
 11171 | D:10     | Reached skill level 8 in Ranged Weapons
 11179 | D:10     | Noticed a skeletal warrior
 11369 | D:10     | Slain by a vampire

Illustrated notes

Levels and vault maps discovered:
D:1:      shiori_arrival_oz, layout_loops_ring,
          shapermc_ecumenical_altar_notcrosses
D:2:      layout_rooms
D:3:      layout_loops_corners, fedhas_altar_2,
          mainiacjoe_overflow_cross_hatched, minmay_misc_feat_rugged
D:4:      kennysheep_slugbush, layout_loops_ring, dreamdust_divine_triumvirate,
          serial_park_tiny_2
D:5:      layout_rooms, lemuel_doored_altar
D:6:      layout_cave_pools, minmay_temple_entry_antechambers
D:7:      layout_cave_pools, mainiacjoe_overflow_paths, serial_column_ruins,
          column_ruins_grid_1, column_ruins_columns_corner,
          column_ruins_corridor_straight, column_ruins_columns_T,
          column_ruins_columns_water
D:8:      layout_basic, kennysheep_mini, ebering_ghost_reflecting_pool,
          uniq_maggie
D:9:      layout_roguey, erik_lair_orcish_takeover, serial_shops, shop,
          nicolae_shop_statue_plus, shop
D:10:     layout_loops_ring, minmay_overflow_temple_star_hex,
          minmay_guarded_unrand_finisher, uniq_psyche
Temple:   hellmonk_temple_beads

Skill      XL: |  1  2  3  4  5  6  7  8  9 10 |
---------------+-------------------------------+-----
Ranged Weapons | 2 3 4 5 6 7 8 |  8.0
Dodging        | 2 3 4 |  4.2
Evocations     | 1 2 3 |  3.1
Hexes          | 4 5 |  5.5
Fighting       | 2 3 4 |  4.5
Spellcasting   | 2 3 4 |  4.0
Transmutations | 1 2 3 |  3.1
Fire Magic     | 1 2 |  2.3
Invocations    | 1 2 3 |  3.1
Shields        | 2 |  2.1
Conjurations   | 2 |  2.3
Translocations | 2 |  2.2
Armour         | 1 |  1.1
Stealth        | |  0.8

Action                     |  1- 3 |  4- 6 |  7- 9 | 10-12 || total
---------------------------+-------+-------+-------+-------++-------
  Melee: Sling             |       |     2 |       |       ||     2
   Fire: Sling             |   171 |   265 |   505 |   113 ||  1054
   Cast: Slow              |    34 |    15 |    33 |     6 ||    88
         Wereblood         |     1 |     8 |    17 |     2 ||    28
         Portal Projectile |       |       |    13 |       ||    13
         Inner Flame       |       |       |    19 |     4 ||    23
         Cause Fear        |       |       |     8 |     2 ||    10
  Evoke: Wand              |       |       |     6 |       ||     6
    Use: Scroll            |       |       |    15 |     1 ||    16
         Potion            |       |       |     8 |       ||     8
 Armour: Robe              |    11 |    33 |    82 |       ||   126
         Acid dragon scale |       |       |    15 |    31 ||    46
  Dodge: Dodged            |    52 |    71 |   174 |    33 ||   330
  Block: Other             |       |    28 |    81 |    21 ||   130
         Reflection        |       |     3 |     2 |       ||     5

Table legend: (Time is in decaauts)
 A = Elapsed time spent in this place.
 B = Non-inter-level travel time spent in this place.
 C = Inter-level travel time spent in this place.
 D = Time resting spent in this place.
 E = Time spent auto-exploring this place.
 F = Levels seen in this place.
 G = Mean time per level.
                   A        B        C        D        E       F      G
               +--------+--------+--------+--------+--------+-----+--------+
         Total |  11548 |  11143 |    405 |      0 |   8747 |  11 | 1049.8 |
       Dungeon |  11375 |  11044 |    331 |      0 |   8660 |  10 | 1137.5 |
        Temple |    172 |     98 |     74 |      0 |     87 |   1 |  172.0 |
               +--------+--------+--------+--------+--------+-----+--------+

Top non-repeatable levels by time:
     D:8: 2330 daAuts
     D:9: 1587 daAuts
     D:3: 1507 daAuts
     D:6: 1335 daAuts
     D:5: 1086 daAuts
     D:4: 1008 daAuts
     D:1: 917 daAuts
     D:2: 814 daAuts
     D:7: 736 daAuts
  Temple: 172 daAuts
    D:10: 52 daAuts
